 Dungeon Crawl Stone Soup version 0.21.0-25-ge575cb9 (webtiles) character file.

17195 komo4ek the Cleaver (level 12, -1/87 (88) HPs)
             Began as a Human Artificer on Jan 24, 2018.
             Was an Elder of Makhleb.
             Slain by an ice devil (19 damage)
             ... on level 1 of the Lair of Beasts.
             The game lasted 00:42:13 (14376 turns).

komo4ek the Cleaver (Human Artificer)              Turns: 14376, Time: 00:42:14

HP:   -1/87 (88)    AC: 10    Str: 18    XL:     12   Next: 79%
MP:   20/20         EV: 15    Int: 12    God:    Makhleb [****..]
Gold: 800           SH:  0    Dex: 15    Spells: 11/11 levels left

rFire    . . .     SeeInvis .   s - +3 battleaxe
rCold    . . .     Gourm    .   (shield currently unavailable)
rNeg     . . .     Faith    .   M - +2 troll leather armour
rPois    .         Spirit   .   z - +0 helmet
rElec    .         Reflect  .   (no cloak)
rCorr    .         Harm     .   K - +0 pair of gloves
MR       .....                  v - +0 pair of boots
Stlth    +++.......             y - amulet of regeneration
HPRegen  1.04/turn              m - +2 ring of strength
MPRegen  0.17/turn              H - ring of stealth

@: no status effects
A: no striking features
a: Minor Destruction, Lesser Servant of Makhleb, Major Destruction, Renounce
Religion


You were on level 1 of the Lair of Beasts.
You worshipped Makhleb.
Makhleb was greatly pleased with you.
You were not hungry.

You visited 3 branches of the dungeon, and saw 14 of its levels.

You collected 800 gold pieces.

Inventory:

Hand Weapons
 s - a +3 battleaxe (weapon)
Armour
 o - a +0 scale mail
 v - a +0 pair of boots (worn)
 z - a +0 helmet (worn)
 K - a +0 pair of gloves (worn)
 L - a +1 leather armour of fire resistance
 M - a +2 troll leather armour (worn)
 P - a +0 chain mail
Jewellery
 m - a +2 ring of strength (left hand)
 p - an uncursed ring of magical power
 y - an amulet of regeneration (around neck)
 H - a ring of stealth (right hand)
Wands
 c - a wand of flame (32)
 e - a wand of random effects (20)
 h - a wand of acid (4)
 i - a wand of clouds (3)
 F - a wand of digging (14)
 O - a wand of enslavement (12)
Scrolls
 a - a scroll of summoning {unknown}
 j - a scroll of fear
 k - 11 scrolls of remove curse
 l - 4 scrolls of immolation
 q - 3 scrolls of magic mapping
 x - a scroll of blinking
 C - 3 scrolls of random uselessness
 E - 9 scrolls of teleportation
Potions
 b - 7 potions of haste
 d - 2 potions of cancellation
 n - 4 potions of curing
 r - a potion of lignification
 u - a potion of magic
 w - a potion of invisibility {unknown}
 A - a potion of brilliance {unknown}
 G - a potion of mutation {unknown}
 I - 3 potions of heal wounds {unknown}
 N - 2 potions of agility
Books
 g - a Young Poisoner's Handbook

   Spells                             Type                      Level
   a - Sting                          Conjuration/Poison           1
   b - Poisonous Vapours              Poison/Air                   2
   c - Mephitic Cloud                 Conjuration/Poison/Air       3
   d - Olgreb's Toxic Radiance        Poison                       4
   e - Venom Bolt                     Conjuration/Poison           5
 B - a book of Necromancy

   Spells                             Type                      Level
   a - Pain                           Necromancy                   1
   b - Animate Skeleton               Necromancy                   1
   c - Vampiric Draining              Necromancy                   3
   d - Regeneration                   Charms/Necromancy            3
   e - Animate Dead                   Necromancy                   4
   f - Borgnjor's Vile Clutch         Necromancy/Earth             5
 D - a book of Power

   Spells                             Type                      Level
   a - Iskenderun's Battlesphere      Conjuration/Charms           5
   b - Venom Bolt                     Conjuration/Poison           5
   c - Bolt of Magma                  Conjuration/Fire/Earth       5
   d - Iron Shot                      Conjuration/Earth            6
   e - Orb of Destruction             Conjuration                  7
   f - Spellforged Servitor           Conjuration/Summoning        7
Comestibles
 f - 21 rations


   Skills:
 + Level 6.0 Fighting
   Level 1.0 Short Blades
 + Level 11.6 Axes
 + Level 5.8 Armour
 + Level 6.3 Dodging
 - Level 1.0 Stealth
 + Level 7.0 Invocations
 + Level 11.2 Evocations


You had 11 spell levels left.
You didn't know any spells.

Dungeon Overview and Level Annotations

Branches:
Dungeon (12/15)            Temple (1/1) D:4            Lair (1/6) D:10
    Orc (0/2) D:9

Altars:
Ashenzari
Cheibriados
Dithmenos
Elyvilon
Fedhas
Gozag
Hepliaklqana
Kikubaaqudgha
Makhleb
Nemelex Xobeh
Okawaru
Qazlal
Ru
Sif Muna
Trog
Uskayaw
Vehumet
Wu Jian
Xom
Yredelemnul
Zin
The Shining One


Message History

The puff of flame hits the ice devil.
The ice devil is burned terribly!
You kill the ice devil!
Makhleb accepts your kill.
Your Invocations skill increases to level 7!
Evoke which item? (* to show all) (? for menu, Esc to quit)
Aiming: Throw Flame
Press: ? - help, Shift-Dir - straight line, f - ice devil
Aim: an ice devil The puff of flame hits the ice devil.
The ice devil appears unharmed.
The ice devil hits you. The ice devil freezes you!
* * * LOW HITPOINT WARNING * * *
Evoke which item? (* to show all) (? for menu, Esc to quit)
Aiming: Throw Flame
Press: ? - help, Shift-Dir - straight line, f/p - ice devil
Aim: an ice devil The puff of flame hits the ice devil.
The ice devil appears unharmed.
The ice devil hits you!
* * * LOW HITPOINT WARNING * * *
The ice devil freezes you!!
You die...

#.......# # ##.####.# # #.# #.# #
#.# #.###### ## ### #......# ##.
############# ###.##.# #..
#.#......##... ##### ####.# #.#
#.[.###..##....##.'.#### #.####.#
#.......###....4@.#....###..#....
#......†.##....##.+..............
##...###.##... ####...#.#..##...
#|....##.#### ##.####.####..
##.#..#..# #.# #.####..
#.#.....#### #.# #.......
#.#......#.# ##>#####......
#.........## #.###...#P.#......
###.......### #.................


You could see an ice devil.

Vanquished Creatures
  2 hydras
  Erica (D:7)
  4 two-headed ogres
  A manticore (D:12)
  2 black mambas (Lair:1)
  Psyche (D:10)
  2 spiny frogs (Lair:1)
  An ice devil (Lair:1)
  2 hornets (D:9)
  A troll (D:9)
  Edmund (D:5)
  A hippogriff (D:12)
  A shadow (D:12)
  A vampire (D:12)
  A basilisk (D:10)
  A wyvern (D:10)
  6 yaks (Lair:1)
  2 vampire mosquitoes (D:12)
  A steam dragon (D:10)
  A soldier ant (D:9)
  A porcupine (Lair:1)
  A water moccasin (Lair:1)
  4 black bears
  2 ice beasts
  2 eyes of draining
  A sky beast (D:9)
  A hornet zombie (D:10)
  A necrophage (D:10)
  3 ogres
  8 centaurs
  3 crocodiles
  4 big kobolds
  5 bullfrogs
  A wyvern skeleton (D:7)
  4 scorpions
  16 killer bees
  4 howler monkeys
  The ghost of tidbits the Magician, a weakling GnWz (D:4)
  A centaur zombie (D:8)
  8 crimson imps
  A bullfrog zombie (D:6)
  5 orc priests
  6 hounds
  3 jellies
  A bullfrog skeleton (D:9)
  7 orc wizards
  10 worker ants
  The ghost of tidbits the Magician, a weakling GnWz (D:3)
  2 hound zombies
  2 hound skeletons
  A howler monkey zombie (D:8)
  A worker ant zombie (D:6)
  13 adders
  6 gnolls
  4 shadow imps
  2 adder zombies
  2 worms (D:3)
  3 leopard geckos
  24 orcs
  8 giant cockroaches
  3 goblins
  6 hobgoblins
  13 jackals
  6 quokkas
  A ball python (D:2)
  9 bats
  5 frilled lizards
  2 giant cockroach zombies (D:6)
  9 kobolds
  A quokka zombie (D:9)
  11 rats
  A spectral orc (D:5)
  A plant (Lair:1)
274 creatures vanquished.

Vanquished Creatures (collateral kills)
  2 hydras
  A two-headed ogre (D:11)
  A troll (D:11)
  A black bear (D:8)
  A killer bee (D:10)
  A jelly (D:6)
  A gnoll shaman (D:8)
  An orc wizard (D:11)
  An adder (D:5)
  An orc (D:11)
  A giant cockroach (D:5)
  A frilled lizard (D:3)
13 creatures vanquished.

Vanquished Creatures (others)
  A hungry ghost (D:12)
  A gnoll (D:8)
  3 centaurs
  An orc wizard (D:5)
  2 orcs (D:3)
  2 fungi
10 creatures vanquished.

Grand Total: 297 creatures vanquished

Notes
Turn   | Place    | Note
-------+----------+-------------------------------------------
     0 | D:1      | komo4ek the Human Artificer began the quest for the Orb.
     0 | D:1      | Reached XP level 1. HP: 15/15 MP: 3/3
   300 | D:1      | Reached XP level 2. HP: 21/21 MP: 4/4
  1300 | D:2      | Reached XP level 3. HP: 23/26 MP: 4/6
  1506 | D:2      | Found a shadowy altar of Dithmenos.
  1533 | D:2      | Found a faded altar of an unknown god.
  1646 | D:2      | Noticed an ice beast
  1660 | D:2      | Killed an ice beast
  1660 | D:2      | Reached skill level 5 in Evocations
  1660 | D:2      | Reached XP level 4. HP: 32/32 MP: 6/8
  1660 | D:2      | Reached XP level 5. HP: 37/37 MP: 6/9
  2015 | D:3      | Noticed tidbits's ghost (weakling GnWz)
  2015 | D:3      | Killed tidbits's ghost
  2064 | D:3      | Found a hide-covered altar of Uskayaw.
  2491 | D:3      | Reached XP level 6. HP: 15/43 MP: 10/10
  3512 | D:4      | Found an iron altar of Okawaru.
  3619 | D:4      | Found a staircase to the Ecumenical Temple.
  3637 | Temple   | Entered the Ecumenical Temple
  3876 | Temple   | Became a worshipper of Makhleb the Destroyer
  3905 | D:4      | Noticed tidbits's ghost (weakling GnWz)
  3922 | D:4      | Killed tidbits's ghost
  4052 | D:4      | Found a shattered altar of Ashenzari.
  4083 | D:4      | Reached XP level 7. HP: 24/48 MP: 12/12
  4410 | D:4      | Found a hazy altar of Hepliaklqana.
  4435 | D:5      | Entered Level 5 of the Dungeon
  4442 | D:5      | Reached skill level 1 in Invocations
  4455 | D:5      | Reached skill level 1 in Axes
  4470 | D:5      | Found a blossoming altar of Fedhas.
  4474 | D:5      | Noticed Edmund
  4496 | D:5      | Killed Edmund
  4888 | D:5      | Reached * piety under Makhleb
  5033 | D:5      | Reached XP level 8. HP: 28/54 MP: 13/13
  5407 | D:5      | Found an opulent altar of Gozag.
  5462 | D:5      | Found a glowing golden altar of the Shining One.
  5483 | D:5      | Found an ornate altar of the Wu Jian Council.
  5747 | D:5      | Found a basalt altar of Yredelemnul.
  5976 | D:6      | Reached skill level 5 in Axes
  6385 | D:6      | Found a bloodstained altar of Trog.
  6905 | D:7      | Got an encrusted hunting sling
  6914 | D:7      | Reached XP level 9. HP: 51/59 MP: 14/14
  6925 | D:7      | Reached ** piety under Makhleb
  6948 | D:7      | Identified the +2 hunting sling "Mepsiale" {flame, rPois rN+} (You found it on level 7 of the Dungeon)
  7688 | D:8      | Found a shimmering altar of Xom.
  8195 | D:8      | Noticed a two-headed ogre
  8199 | D:8      | Killed a two-headed ogre
  8199 | D:8      | Reached skill level 10 in Axes
  8298 | D:8      | Reached XP level 10. HP: 40/65 MP: 15/15
  8302 | D:8      | Noticed Erica
  8342 | D:7      | Killed Erica
  8342 | D:7      | Reached skill level 1 in Armour
  8455 | D:8      | Reached *** piety under Makhleb
  8738 | D:9      | Found a sparkling altar of Nemelex Xobeh.
  8769 | D:9      | Found a staircase to the Orcish Mines.
  8969 | D:9      | Found a shimmering altar of Xom.
  9093 | D:9      | Found a sacrificial altar of Ru.
 10094 | D:10     | Entered Level 10 of the Dungeon
 10166 | D:10     | Reached XP level 11. HP: 75/75 MP: 17/17
 10332 | D:10     | Noticed Psyche
 10341 | D:10     | Paralysed by something for 3 turns
 10344 | D:10     | Killed Psyche
 10531 | D:10     | Noticed a two-headed ogre
 10535 | D:10     | Killed a two-headed ogre
 10535 | D:10     | Reached skill level 5 in Invocations
 10717 | D:10     | Reached **** piety under Makhleb
 10967 | D:10     | Noticed a two-headed ogre
 10977 | D:10     | Killed a two-headed ogre
 10985 | D:10     | Reached skill level 10 in Evocations
 11078 | D:10     | Found a staircase to the Lair.
 11321 | D:11     | Noticed a four-headed hydra
 11328 | D:11     | Killed an eight-headed hydra
 11340 | D:11     | Noticed a two-headed ogre
 11348 | D:11     | Killed a two-headed ogre
 11348 | D:11     | Reached skill level 5 in Dodging
 11972 | D:12     | Noticed a two-headed ogre
 11984 | D:12     | Killed a two-headed ogre
 12254 | D:12     | Reached XP level 12. HP: 45/84 MP: 19/19
 12400 | D:12     | Reached skill level 5 in Fighting
 12578 | D:12     | Reached skill level 5 in Armour
 12963 | D:12     | Noticed a five-headed hydra
 12969 | D:12     | Killed a five-headed hydra
 13388 | Lair:1   | Entered Level 1 of the Lair of Beasts
 13751 | Lair:1   | Noticed a seven-headed hydra
 13822 | Lair:1   | Killed an eight-headed hydra
 13919 | Lair:1   | Noticed a seven-headed hydra
 13950 | Lair:1   | Killed an eight-headed hydra
 14376 | Lair:1   | Slain by an ice devil

Skill      XL: |  1  2  3  4  5  6  7  8  9 10 11 12 |
---------------+-------------------------------------+-----
Evocations     | 4 5 6 7 9 10 11 | 11.2
Invocations    | 2 4 5 7 |  7.0
Axes           | 2 7 10 11 | 11.6
Fighting       | 3 4 6 |  6.0
Armour         | 3 4 5 |  5.8
Dodging        | 3 5 6 |  6.3
Short Blades   | |  1.0
Stealth        | |  1.0

Action                   |  1- 3 |  4- 6 |  7- 9 | 10-12 || total
-------------------------+-------+-------+-------+-------++-------
Melee: Short sword       |    69 |       |       |       ||    69
       Dagger            |    21 |       |       |       ||    21
       Battleaxe         |    11 |   178 |   313 |   461 ||   963
Throw: Stone             |     5 |       |       |       ||     5
       Tomahawk          |       |     1 |       |       ||     1
Invok: Minor Destruction |       |       |    21 |    27 ||    48
       Lesser Servant of |       |       |       |     5 ||     5
Evoke: Wand              |     6 |    19 |    32 |    92 ||   149
  Use: Scroll            |       |     3 |     7 |    14 ||    24
       Potion            |       |     1 |       |     1 ||     2
 Stab: Sleeping          |     1 |       |       |     3 ||     4
       Paralysed         |       |       |     3 |    30 ||    33
  Eat: Ration            |     1 |     1 |     2 |     6 ||    10
       Chunk             |       |     4 |     7 |     3 ||    14
Armor: Leather armour    |    40 |     2 |       |       ||    42
       Scale mail        |       |   117 |   222 |   137 ||   476
       Troll leather arm |       |       |       |    82 ||    82
Dodge: Dodged            |    60 |   135 |   209 |   409 ||   813
